 Dungeon Crawl Stone Soup version 0.19.1 (webtiles) character file.

1276 ChaseSP the Cleaver (level 8, 66/66 HPs)
             Began as a Hill Orc Fighter on Nov 29, 2016.
             Was an Initiate of Beogh.
             Quit the game on level 5 of the Dungeon.
             The game lasted 00:06:30 (4231 turns).

ChaseSP the Cleaver (Hill Orc Fighter)              Turns: 4231, Time: 00:06:31

Health: 66/66      AC: 11    Str: 20 (21) XL:     8   Next: 54%
Magic:  8/8        EV:  3    Int:  8      God:    Beogh [......]
Gold:   299        SH:  9    Dex: 10      Spells: 0 memorised, 7 levels left

rFire  . . .     SeeInvis .     a - +1 war axe
rCold  . . .     Gourm    .     m - +0 plate armour
rNeg   . . .     Faith    .     c - +0 shield
rPois  .         Spirit   .     (no helmet)
rElec  .         Reflect  .     (no cloak)
rCorr  .         Harm     .     (no gloves)
MR     .....                    (no boots)
Stlth  ..........               (no amulet)
                                (no ring)
                                (no ring)

@: no status effects
A: no striking features
a: Renounce Religion


You were on level 5 of the Dungeon.
You worshipped Beogh.
Beogh was noncommittal.
You were hungry.

You visited 2 branches of the dungeon, and saw 6 of its levels.

You collected 299 gold pieces.

Inventory:

Hand Weapons
 a - a +1 war axe (weapon)
 A - a +0 flail
Missiles
 y - 4 tomahawks of returning (quivered)
Armour
 b - a +0 scale mail
 c - a +0 shield (worn)
 m - a +0 plate armour (worn)
Wands
 r - a wand of digging (3/24)
 v - a wand of flame (28/48)
Scrolls
 g - 8 scrolls of identify {unknown}
 j - a scroll of remove curse
 q - 3 scrolls of enchant weapon
 s - a scroll of recharging {unknown}
 w - a scroll of noise {unknown}
 x - a scroll of fog {unknown}
 B - a scroll of immolation {unknown}
 C - a scroll of fear {unknown}
 D - 4 scrolls of amnesia {unknown}
 F - 2 scrolls of teleportation {unknown}
Potions
 e - a potion of flight {unknown}
 i - a potion of berserk rage {unknown}
 k - a potion of magic
 l - 3 potions of cancellation
 n - a potion of haste {unknown}
 p - 2 potions of curing
 t - a potion of ambrosia {unknown}
 u - a potion of degeneration
 G - a potion of cure mutation
Books
 d - a book of Necromancy

   Spells                             Type                      Level
   a - Pain                           Necromancy                   1
   b - Animate Skeleton               Necromancy                   1
   c - Vampiric Draining              Necromancy                   3
   d - Regeneration                   Charms/Necromancy            3
   e - Animate Dead                   Necromancy                   4
   f - Control Undead                 Necromancy                   4
Comestibles
 f - 2 bread rations
 h - 5 fruits
 o - a meat ration
 z - a slice of pizza


   Skills:
 - Level 4.1 Fighting
 + Level 12.1 Axes
 - Level 4.2 Armour
 - Level 4.0 Shields


You had 7 spell levels left.
You didn't know any spells.

Dungeon Overview and Level Annotations

Branches:
Dungeon (5/15)             Temple (1/1) D:5

Altars:
Ashenzari
Cheibriados
Dithmenos
Elyvilon
Fedhas
Gozag
Kikubaaqudgha
Nemelex Xobeh
Okawaru
Qazlal
Ru
Trog
Uskayaw
Xom
Yredelemnul
Zin


Message History

An orc comes into view. It is wielding a hand axe.
The orc shouts!
An orc comes into view. It is wielding a dagger.
An orc wizard comes into view. It is wielding a dagger.
The orc wizard shouts!
The orc shouts!
An orc wizard comes into view. It is wielding a dagger.
An orc priest comes into view. It is wielding a flail.
The orc priest shouts, "Surrender to Beogh and we'll let you live!" (press Y on the ability menu to convert to Beogh)
The orc wizard mumbles some strange words.
The orc wizard seems to speed up.
The orc hits you but does no damage.
You bow before the missionary of Beogh.
You have lost your religion!
Okawaru does not appreciate desertion!
Beogh welcomes you!
With a roar of approval, the orcs welcome you as one of their own, and spare your life.
Quiver which item? (- for none, * to show all) (? for menu, Esc to quit)
Quivering
y - 4 tomahawks of returning for throwing.
Unknown command.
Are you sure you want to abandon this character and quit the game? (Confirm with "yes".)

#.....................
#........[.....(......
#.....................
#.....................
#.....................
#.....................
#.....................
#.....................
#..(o@................
#....o................
#....o................
#.....................
#....o................
#.....o...............
#.....................
#.....................
.............


You could see a neutral orc priest (wandering), 2 neutral orc wizards and 2
neutral orcs.

Vanquished Creatures
  Pikel (D:5)
  The ghost of theclanless the Shield-Bearer, an amateur NaFi of Okawaru (D:4)
  Duvessa (D:4)
  An ice beast (D:5)
  Dowan (D:4)
  3 scorpions
  A crimson imp (D:4)
  A worker ant (D:4)
  A worker ant zombie (D:5)
  3 gnolls (D:3)
  3 adders
  2 adder skeletons (D:4)
  6 worms
  4 leopard geckos
  3 orcs (D:3)
  3 giant cockroaches
  11 goblins
  3 hobgoblins
  3 jackals (D:2)
  3 quokkas
  2 bats (D:1)
  3 frilled lizards
  4 kobolds
  A leopard gecko skeleton (D:4)
  3 rats (D:1)
68 creatures vanquished.

Vanquished Creatures (others)
  A centaur (D:5)
  A crimson imp (D:5)
  A shadow imp (D:5)
3 creatures vanquished.

Grand Total: 71 creatures vanquished

Notes
Turn   | Place    | Note
-------+----------+-------------------------------------------
     0 | D:1      | ChaseSP the Hill Orc Fighter began the quest for the Orb.
     0 | D:1      | Reached XP level 1. HP: 19/19 MP: 1/1
   124 | D:1      | Reached skill level 3 in Axes
   221 | D:1      | Reached XP level 2. HP: 27/27 MP: 2/2
  1066 | D:2      | Reached XP level 3. HP: 33/33 MP: 3/3
  1372 | D:3      | Reached XP level 4. HP: 33/40 MP: 4/4
  1786 | D:3      | Reached skill level 4 in Axes
  2271 | D:4      | Noticed Dowan
  2272 | D:4      | Noticed Duvessa
  2294 | D:4      | Killed Duvessa
  2294 | D:4      | Reached skill level 6 in Axes
  2294 | D:4      | Reached XP level 5. HP: 37/46 MP: 5/5
  2295 | D:4      | Killed Dowan
  2295 | D:4      | Reached XP level 6. HP: 42/52 MP: 6/6
  2302 | D:4      | Noticed theclanless's ghost (amateur NaFi)
  2383 | D:4      | Found a blossoming altar of Fedhas.
  2383 | D:4      | Found a bloodstained altar of Trog.
  2663 | D:4      | Reached skill level 7 in Axes
  3148 | D:4      | Killed theclanless's ghost
  3148 | D:4      | Reached skill level 9 in Axes
  3148 | D:4      | Reached XP level 7. HP: 49/59 MP: 7/7
  3377 | D:5      | Entered Level 5 of the Dungeon
  3380 | D:5      | Found a staircase to the Ecumenical Temple.
  3388 | D:5      | Reached skill level 10 in Axes
  3400 | Temple   | Entered the Ecumenical Temple
  3450 | Temple   | Became a worshipper of Warmaster Okawaru
  3756 | D:5      | Noticed Pikel
  3785 | D:5      | Killed Pikel
  3785 | D:5      | Reached * piety under Okawaru
  3785 | D:5      | Reached skill level 12 in Axes
  3785 | D:5      | Reached XP level 8. HP: 49/66 MP: 8/8
  4010 | D:5      | Found a sacrificial altar of Ru.
  4230 | D:5      | Fell from the grace of Okawaru
  4230 | D:5      | Became a worshipper of Beogh the Brigand
  4231 | D:5      | Quit the game

Skill      XL: |  1  2  3  4  5  6  7 |
---------------+----------------------+-----
Axes           | 3 6 9 12 | 12.1
Fighting       | 4 |  4.1
Armour         | 4 |  4.2
Shields        | 4 |  4.0

Action                   |  1- 3 |  4- 6 |  7- 9 || total
-------------------------+-------+-------+-------++-------
Melee: War axe           |    92 |   128 |    55 ||   275
Invok: Convert to Beogh  |       |       |     1 ||     1
  Use: Potion            |       |     2 |     5 ||     7
       Scroll            |       |     2 |       ||     2
  Eat: Chunk             |     2 |     5 |       ||     7
       Beef jerky        |       |       |     1 ||     1
       Pizza             |       |       |     1 ||     1
Armor: Scale mail        |    28 |       |       ||    28
       Plate armour      |    19 |    82 |    17 ||   118
Dodge: Dodged            |    17 |    13 |     6 ||    36
Block: Shield            |    54 |    42 |    21 ||   117
